 Dungeon Crawl Stone Soup version 0.27.1-4-g1640c2035a (webtiles) character file.

Game seed: 11964698642637159097

54 Gabide the Charlatan (level 4, 0/32 HPs)
             Began as a Human Artificer on Nov 1, 2021.
             Slain by Crazy Yiuf (2 damage)
             ... on level 2 of the Dungeon.
             The game lasted 00:04:42 (2490 turns).

Gabide the Charlatan (Human Artificer)              Turns: 2490, Time: 00:04:43

Health: 0/32       AC:  5    Str: 12    XL:     4   Next: 12%
Magic:  4/4        EV: 12    Int: 11    God:
Gold:   45         SH:  0    Dex: 15    Spells: 3/3 levels left

rFire    . . .     SeeInvis .   a - +1 club
rCold    . . .     Faith    .   (no shield)
rNeg     . . .     Spirit   .   b - +0 leather armour
rPois    .         Reflect  .   g - +0 helmet
rElec    .         Harm     .   m - +0 cloak
rCorr    .         Rampage  .   (no gloves)
Will     .....                  (no boots)
Stlth    ++........             (no amulet)
HPRegen  0.10/turn              (no ring)
MPRegen  0.09/turn              (no ring)

@: no status effects
A: no striking features
a: no special abilities


You were on level 2 of the Dungeon.
You visited 1 branch of the dungeon, and saw 2 of its levels.

You collected 45 gold pieces.

Inventory:

Hand Weapons
 a - a +1 club (weapon)
Armour
 b - a +0 leather armour (worn)
 g - a +0 helmet (worn)
 m - a +0 cloak (worn)
Wands
 c - a wand of flame (6) (quivered)
 d - a wand of charming (15)
 j - a wand of digging (1)
Scrolls
 k - a scroll of fear {unknown}
 l - a scroll of noise {unknown}
Potions
 f - a potion of degeneration {unknown}
 h - 2 potions of curing
 i - 2 potions of brilliance
Miscellaneous
 e - a piece from Xom's chessboard (12/15)


   Skills:
 + Level 1.5 Fighting
 + Level 0.9 Maces & Flails
 + Level 2.3 Armour
 * Level 1.9 Dodging
 - Level 1.1 Stealth
 + Level 3.6 Evocations


You had 3 spell levels left.
You didn't know any spells.
Your spell library contained the following spells:

 Spells                   Type           Power      Damage    Failure   Level
 Animate Skeleton         Necr           0%         N/A       41%         1
 Apportation              Tloc           0%         N/A       41%         1
 Corona                   Hex            0%         N/A       41%         1
 Summon Small Mammal      Summ           0%         N/A       41%         1


Dungeon Overview and Level Annotations

Branches:
Dungeon (2/15)

Altars:

Annotations:
D:2 Crazy Yiuf


Message History

No target in view!
No target in view!
No target in view!
No target in view!
No target in view!
No target in view!
No target in view!
You see here a +0 cloak.
m - a +0 cloak You start putting on your armour.
You continue putting on your +0 cloak. x4
You finish putting on your +0 cloak.
You see here a hobgoblin skeleton.
There is a stone staircase leading up here.
You see here a +0 short sword.
Crazy Yiuf shouts!
Crazy Yiuf whimpers, "Scoff dark leg!"
You open the door. Crazy Yiuf misses you.
You make a move on Xom's chessboard...
Crazy Yiuf struggles to resist.
Crazy Yiuf hits you with a +2 quarterstaff of chaos.
You make a move on Xom's chessboard...
Crazy Yiuf seems to grow stronger.
Crazy Yiuf zaps a wand.
The puff of flame hits you.
You make a move on Xom's chessboard...
Crazy Yiuf twists and deforms.
Crazy Yiuf hits you with a +2 quarterstaff of chaos!
Crazy Yiuf burns you.
Aiming: Throw Flame
Press: ? - help, Q - select action, (/) - cycle Shift-Dir - straight line, f - Crazy Yiuf
Aim: Crazy Yiuf, wielding a +2 quarterstaff of chaos, wearing a +0 cloak and carrying a wand of flame (17) (strong, misshapen and mutated, 75% to hit)
The puff of flame hits Crazy Yiuf.
Crazy Yiuf is lightly wounded.
Crazy Yiuf zaps a wand.
The puff of flame hits you!
Aiming: Throw Flame
Press: ? - help, Q - select action, (/) - cycle Shift-Dir - straight line, f/p - Crazy Yiuf
Aim: Crazy Yiuf, wielding a +2 quarterstaff of chaos, wearing a +0 cloak and carrying a wand of flame (16) (lightly wounded, strong, misshapen and mutated, 75% to hit)
The puff of flame hits Crazy Yiuf.
Crazy Yiuf is moderately wounded.
Crazy Yiuf grits, "Mugger!"
Crazy Yiuf hits you with a +2 quarterstaff of chaos!
* * * LOW HITPOINT WARNING * * *
Crazy Yiuf freezes you.
You die...

# #.# # #.# # #.# #
### # ####
...######### ###
##......+.P## ###..)#
##.###....P.####@g...#
#.# #.....P.#..##...#
#.# #..+.P.#.### ###
#.# ########## #.# #.#
### ##.# #.# ...# #.#
#### #.#


You could see Crazy Yiuf (strong, misshapen).

Vanquished Creatures
  Robin (D:2)
  An adder (D:2)
  A worm (D:2)
  2 bats (D:1)
  3 endoplasms
  3 giant cockroaches
  7 goblins
  3 hobgoblins
  A quokka (D:1)
  2 ball pythons (D:1)
  A frilled lizard (D:2)
  3 kobolds
  A rat (D:1)
29 creatures vanquished.

Notes
Turn   | Place    | Note
-------+----------+-------------------------------------------
     0 | D:1      | Gabide the Human Artificer began the quest for the Orb.
     0 | D:1      | Reached XP level 1. HP: 15/15 MP: 1/1
   135 | D:1      | Reached XP level 2. HP: 21/21 MP: 2/2
   607 | D:1      | Found a faded altar of an unknown god.
   816 | D:2      | Noticed Robin
   826 | D:1      | Reached XP level 3. HP: 4/26 MP: 3/3
  1109 | D:2      | Killed Robin
  1967 | D:2      | Found a runed translucent door.
  1968 | D:2      | Noticed Crazy Yiuf
  2111 | D:2      | Reached XP level 4. HP: 23/32 MP: 4/4
  2490 | D:2      | Slain by Crazy Yiuf

Illustrated notes

Levels and vault maps discovered:
D:1:      saegor_arrival_miasma, layout_rooms,
          dilly_ecumenical_altar_fadedgnrine
D:2:      layout_loops_ring, uniq_crazy_yiuf_cottage, uniq_robin

Action                   |  1- 3 |  4- 6 || total
-------------------------+-------+-------++-------
Melee: Club              |    85 |     1 ||    86
Evoke: Wand              |     7 |     2 ||     9
       Piece from Xom's  |       |     3 ||     3
  Use: Scroll            |     6 |       ||     6
 Stab: Sleeping          |     4 |       ||     4
Armor: Leather armour    |    22 |       ||    22
Dodge: Dodged            |    54 |     1 ||    55
